 Dungeon Crawl Stone Soup version 0.29-a0-284-gf9362112df (webtiles) character file.

Game seed: 17003678411192587117

88 chopper the Vexing (level 4, 0/34 HPs)
             Began as a Gnoll Arcane Marksman on Mar 26, 2022.
             Slain by a water moccasin (5 damage)
             ... on level 3 of the Dungeon on Mar 27, 2022.
             The game lasted 00:26:07 (3583 turns).

chopper the Vexing (Gnoll Arcane Marksman)          Turns: 3583, Time: 00:26:08

Health: 0/34       AC:  9    Str:  9    XL:     4   Next: 53%
Magic:  8/8        EV:  9    Int: 13    God:
Gold:   97         SH:  0    Dex: 14    Spells: 8/9 levels left

rFire   . . .      SeeInvis .   a - +0 hand crossbow
rCold   . . .      Faith    .   (no shield)
rNeg    . . .      Spirit   .   o - +0 scale mail
rPois   .          Reflect  .   (no helmet)
rElec   .          Harm     .   (no cloak)
rCorr   .          Rampage  .   k - +2 pair of gloves {infuse}
Will    .....                   (no boots)
Stlth   ..........              (no amulet)
HPRegen 0.11/turn               (no ring)
MPRegen 0.11/turn               (no ring)

@: lethally poisoned (0 -> -3)
A: fangs 1, strong nose, distributed training
a: no special abilities


You were on level 3 of the Dungeon.
You visited 1 branch of the dungeon, and saw 3 of its levels.

You collected 97 gold pieces.

Inventory:

Hand Weapons
 a - a +0 hand crossbow (weapon)
 m - a +0 short sword
 n - a +2 whip of electrocution
Armour
 k - a +2 pair of gloves of infusion (worn)
 o - a +0 scale mail (worn)
Scrolls
 c - 2 scrolls of vulnerability
 d - 3 scrolls of identify {unknown}
 h - a scroll of enchant armour {unknown}
 l - a scroll of brand weapon {unknown}
Potions
 f - a potion of degeneration {unknown}
 g - 3 potions of curing {unknown}
 i - a potion of flight {unknown}
 j - a potion of haste {unknown}


   Skills:
 + Level 2.8 Fighting
 + Level 1.2 Short Blades
 + Level 1.2 Long Blades
 + Level 1.2 Axes
 + Level 1.2 Maces & Flails
 + Level 1.2 Polearms
 + Level 1.2 Staves
 + Level 1.2 Slings
 + Level 1.2 Bows
 + Level 4.6 Crossbows
 + Level 1.2 Throwing
 + Level 1.2 Armour
 + Level 4.6 Dodging
 + Level 1.2 Stealth
 + Level 1.2 Shields
 + Level 1.2 Unarmed Combat
 + Level 3.0 Spellcasting
 + Level 1.0 Conjurations
 + Level 5.5 Hexes
 + Level 1.0 Summonings
 + Level 1.0 Necromancy
 + Level 1.0 Translocations
 + Level 1.0 Transmutations
 + Level 1.0 Fire Magic
 + Level 1.0 Ice Magic
 + Level 1.0 Air Magic
 + Level 1.0 Earth Magic
 + Level 1.0 Poison Magic
 + Level 1.3 Invocations
 + Level 1.2 Evocations


You had 8 spell levels left.
You knew the following spells:

 Your Spells              Type           Power      Damage    Failure   Level
a - Slow                  Hex            64%        N/A       19%         1

Your spell library contained the following spells:

 Spells                   Type           Power      Damage    Failure   Level
 Inner Flame              Hex/Fire       10%        N/A       82%         3
 Portal Projectile        Hex/Tloc       20%        N/A       82%         3
 Cause Fear               Hex            8%         N/A       88%         4


Dungeon Overview and Level Annotations

Branches:
Dungeon (3/15)

Altars:

Annotations:
D:3 3 runed translucent doors, sirJeffrey23's ghost, amateur DsMo


Innate Abilities, Weirdness & Mutations

You have very sharp teeth.
Your uncanny sense of smell can sniff out nearby items.
Your experience applies equally to all skills.


Message History

The water moccasin bites you but does no damage.
Shoot: a) +0 hand crossbow
Press: ? - help, Q - select action, (/) - cycle Shift-Dir - straight line, f/p - water moccasin
Aim: a water moccasin (lightly wounded, 46% to hit)
You shoot a bolt. The bolt misses the water moccasin.
The water moccasin bites you but does no damage.
The water moccasin completely misses you.
The water moccasin bites you.
You are poisoned.
The water moccasin poisons you!
Shoot: a) +0 hand crossbow
Press: ? - help, Q - select action, (/) - cycle Shift-Dir - straight line, f/p - water moccasin
Aim: a water moccasin (lightly wounded, 46% to hit)
You shoot a bolt. The bolt hits the water moccasin.
The water moccasin is moderately wounded.
You feel very sick. The water moccasin closely misses you.
The water moccasin bites you.
Shoot: a) +0 hand crossbow
Press: ? - help, Q - select action, (/) - cycle Shift-Dir - straight line, f/p - water moccasin
Aim: a water moccasin (moderately wounded, 46% to hit)
You shoot a bolt. The bolt hits the water moccasin.
The water moccasin is heavily wounded.
You feel very sick. The water moccasin barely misses you.
The water moccasin bites you but does no damage.
Shoot: a) +0 hand crossbow
Press: ? - help, Q - select action, (/) - cycle Shift-Dir - straight line, f/p - water moccasin
Aim: a water moccasin (heavily wounded, 46% to hit)
You shoot a bolt.
The bolt closely misses the water moccasin.
You feel very sick.
The water moccasin bites you but does no damage.
The water moccasin bites you.
* * * LOW HITPOINT WARNING * * *
The water moccasin bites you.
* * * LOW HITPOINT WARNING * * *
You feel sick.
The water moccasin attacks as you move away!
The water moccasin bites you.
You die...

.........# #.#
.........' ...
.........# #.#
#.......## ∆ #.#
##...(.## #.#
##...## #.# ##'##
#.# ##..### #####S#
###.....#####..<@.#
....###.....#)..###
##.## #####)..#.#
#..# .....###...#
#.##........##..#
#.#..Z###....##.#
#.#.....##...Z#.##
..##Z....#...Z#..#
#..#W....##.Z.+..#


You could see a water moccasin.

Vanquished Creatures
  An adder (D:2)
  4 gnolls
  A worm (D:2)
  3 orcs
  3 ball pythons (D:3)
  4 endoplasms
  2 giant cockroaches (D:2)
  3 goblins
  3 hobgoblins
  3 bats
  5 kobolds
  2 rats (D:1)
34 creatures vanquished.

Notes
Turn   | Place    | Note
-------+----------+-------------------------------------------
     0 | D:1      | chopper the Gnoll Arcane Marksman began the quest for the
                  | Orb.
     0 | D:1      | Reached XP level 1. HP: 17/17 MP: 4/4
   134 | D:1      | Found a faded altar of an unknown god.
   424 | D:1      | Reached XP level 2. HP: 18/23 MP: 5/5
  1639 | D:2      | Reached XP level 3. HP: 18/28 MP: 7/7
  2086 | D:3      | Found a runed translucent gate.
  2136 | D:3      | Reached skill level 1 in Invocations
  2390 | D:2      | Reached skill level 1 in Short Blades
  2390 | D:2      | Reached skill level 1 in Long Blades
  2390 | D:2      | Reached skill level 1 in Axes
  2390 | D:2      | Reached skill level 1 in Maces & Flails
  2390 | D:2      | Reached skill level 1 in Polearms
  2390 | D:2      | Reached skill level 1 in Staves
  2390 | D:2      | Reached skill level 1 in Slings
  2390 | D:2      | Reached skill level 1 in Bows
  2390 | D:2      | Reached skill level 1 in Throwing
  2390 | D:2      | Reached skill level 1 in Armour
  2390 | D:2      | Reached skill level 1 in Stealth
  2390 | D:2      | Reached skill level 1 in Shields
  2390 | D:2      | Reached skill level 1 in Unarmed Combat
  2390 | D:2      | Reached skill level 1 in Evocations
  2678 | D:2      | Reached XP level 4. HP: 20/34 MP: 8/8
  3334 | D:3      | Noticed sirJeffrey23's ghost (amateur DsMo)
  3448 | D:2      | Reached skill level 1 in Conjurations
  3448 | D:2      | Reached skill level 1 in Summonings
  3448 | D:2      | Reached skill level 1 in Necromancy
  3448 | D:2      | Reached skill level 1 in Translocations
  3448 | D:2      | Reached skill level 1 in Transmutations
  3448 | D:2      | Reached skill level 1 in Fire Magic
  3448 | D:2      | Reached skill level 1 in Ice Magic
  3448 | D:2      | Reached skill level 1 in Air Magic
  3448 | D:2      | Reached skill level 1 in Earth Magic
  3448 | D:2      | Reached skill level 1 in Poison Magic
  3553 | D:3      | Found a runed translucent gate.
  3554 | D:3      | Found a runed translucent gate.
  3571 | D:3      | Noticed a water moccasin
  3583 | D:3      | Slain by a water moccasin

Illustrated notes

Levels and vault maps discovered:
D:1:      dpeg_arrival_more_subterranean_lakeside_camping, layout_loops_ring,
          ebering_ecumenical_altar_mist
D:2:      layout_loops_corners
D:3:      layout_loops_corners, gammafunk_ghost_icy, uniq_natasha

Skill      XL: |  1  2  3  4 |
---------------+-------------+-----
Invocations    | 1 |  1.3
Short Blades   | 1 |  1.2
Long Blades    | 1 |  1.2
Axes           | 1 |  1.2
Maces & Flails | 1 |  1.2
Polearms       | 1 |  1.2
Staves         | 1 |  1.2
Slings         | 1 |  1.2
Bows           | 1 |  1.2
Throwing       | 1 |  1.2
Armour         | 1 |  1.2
Stealth        | 1 |  1.2
Shields        | 1 |  1.2
Unarmed Combat | 1 |  1.2
Evocations     | 1 |  1.2
Spellcasting   | 3 |  3.0
Conjurations   | 1 |  1.0
Summonings     | 1 |  1.0
Necromancy     | 1 |  1.0
Translocations | 1 |  1.0
Transmutations | 1 |  1.0
Fire Magic     | 1 |  1.0
Ice Magic      | 1 |  1.0
Air Magic      | 1 |  1.0
Earth Magic    | 1 |  1.0
Poison Magic   | 1 |  1.0
Fighting       | |  2.8
Crossbows      | |  4.6
Dodging        | |  4.6
Hexes          | |  5.5

Action                   |  1- 3 |  4- 6 || total
-------------------------+-------+-------++-------
 Fire: Hand crossbow     |   104 |    31 ||   135
 Cast: Slow              |     7 |       ||     7
Armor: Ring mail         |    33 |     8 ||    41
       Scale mail        |       |    12 ||    12
Dodge: Dodged            |    46 |    22 ||    68

Table legend: (Time is in decaauts)
 A = Elapsed time spent in this place.
 B = Non-inter-level travel time spent in this place.
 C = Inter-level travel time spent in this place.
 D = Time resting spent in this place.
 E = Time spent auto-exploring this place.
 F = Levels seen in this place.
 G = Mean time per level.
                   A        B        C        D        E       F      G
               +--------+--------+--------+--------+--------+-----+--------+
         Total |   3655 |   3655 |      0 |   1371 |      0 |   3 | 1218.3 |
       Dungeon |   3655 |   3655 |      0 |   1371 |      0 |   3 | 1218.3 |
               +--------+--------+--------+--------+--------+-----+--------+

Top non-repeatable levels by time:
     D:2: 2142 daAuts
     D:1: 888 daAuts
     D:3: 623 daAuts
